 Dungeon Crawl Stone Soup version 0.29-a0-700-g2f1814c7b2 (webtiles) character file.

Game seed: 16271994671289535682

405 lunkers the Chopper (level 7, -1/61 HPs)
             Began as a Meteoran Fighter on June 25, 2022.
             Was an Initiate of Ru.
             Killed from afar by Sigmund (7 damage)
             ... with a magic dart
             ... on level 5 of the Dungeon.
             The game lasted 00:03:58 (1742 turns).

lunkers the Chopper (Meteoran Fighter)              Turns: 1742, Time: 00:03:59

Health: -1/61      AC:  8    Str: 19    XL:     7   Next: 34%
Magic:  8/8        EV:  9    Int: 11    God:    Ru [......]
Gold:   218        SH:  5    Dex: 13    Spells: 6/6 levels left

rFire   . . .      SeeInvis .   a - +0 war axe
rCold   . . .      Faith    .   c - +0 buckler
rNeg    . . .      Spirit   .   b - +0 scale mail
rPois   .          Reflect  .   (no helmet)
rElec   .          Harm     .   f - +0 cloak
rCorr   .          Rampage  .   (no gloves)
Will    .....                   (no boots)
Stlth   ..........              g - amulet of regeneration
HPRegen 1.00/turn               (no ring)
MPRegen 0.11/turn               (no ring)

@: on berserk cooldown, slowed, glowing, very slow
A: sense surroundings 1, otherworldly, glowing, explore regen
a: Renounce Religion


You were on level 5 of the Dungeon.
You worshipped Ru.
Ru was noncommittal.
You visited 2 branches of the dungeon, and saw 6 of its levels.
You also visited: Sewer.

You collected 218 gold pieces.

Inventory:

Hand Weapons
 a - a +0 war axe (weapon)
Armour
 b - a +0 scale mail (worn)
 c - a +0 buckler (worn)
 f - a +0 cloak (worn)
 h - a +0 plate armour
Jewellery
 g - an amulet of regeneration (around neck)
Scrolls
 e - 3 scrolls of identify
Potions
 d - a potion of might
 j - a potion of flight


   Skills:
 + Level 5.4 Fighting
 * Level 7.1 Axes
 - Level 3.6 Armour
 - Level 3.6 Shields


You had 6 spell levels left.
You didn't know any spells.
Your spell library contained the following spells:

 Spells                   Type           Power      Damage    Failure   Level
 Ensorcelled Hibernation  Hex/Ice        0%         N/A       90%         2
 Static Discharge         Conj/Air       0%         N/A       90%         2
 Spider Form              Tmut/Pois      0%         N/A       99%         3
 Anguish                  Hex/Necr       0%         N/A       100%        4
 Dispel Undead            Necr           0%         3d6       100%        4
 Sticky Flame             Conj/Fire      0%         2d3       100%        4


Dungeon Overview and Level Annotations

Branches:
Dungeon (5/15) Zot: 1569   Temple (1/1) D:4 Zot: 309   Sewer (visited)

Altars:
Cheibriados
Elyvilon
Gozag
Hepliaklqana
Nemelex Xobeh
Okawaru
Ru
Sif Muna
Trog
Uskayaw
Vehumet
Xom
Yredelemnul
The Shining One

Annotations:
D:5 Sigmund


Innate Abilities, Weirdness & Mutations

You passively map a small area around you.
You are easily found by Zot.
You glow in the dark.
You regain HP and MP as you explore.


Message History

The magic dart hits you!
* * * LOW HITPOINT WARNING * * *
You closely miss something. Something hits you.
* * * LOW HITPOINT WARNING * * *
You hit something. Something hits you!
* * * LOW HITPOINT WARNING * * *
Something hits you.
* * * LOW HITPOINT WARNING * * *
You closely miss something. Something hits you.
* * * LOW HITPOINT WARNING * * *
Unknown command.
Unknown command.
Unknown command.
Okay, then.
You slash something! Something hits you.
* * * LOW HITPOINT WARNING * * *
Unknown command.
Unknown command.
You miss something. Something hits you.
* * * LOW HITPOINT WARNING * * *
Unknown command.
Unknown command.
Unknown command.
You miss something. Something hits you.
* * * LOW HITPOINT WARNING * * *
Unknown command.
Unknown command.
Unknown command.
You barely miss something. Something hits you.
* * * LOW HITPOINT WARNING * * *
You hear some strange, mumbled words.
Something tries to affect you, but you resist.
Unknown command.
Unknown command.
Unknown command.
You hit something.
You hear some strange, mumbled words.
A magic dart appears from out of thin air!
The magic dart hits you!
You die...

, ,, * * , , * ,
###############.# ,
* #...).....@{....#
, #.#########..####
** ##.###### *..#*
#.......# ..# ,
#..####.# ..# ###
#..# .# ..# , *
..####..# *.# ..#
#.#.....# .# * ..#
,
#.#.###.####.##....
*


There were no monsters in sight!

Vanquished Creatures
  A water moccasin (Sewer)
  An ogre (D:4)
  A phantom (D:5)
  A hound (D:5)
  A gnoll (D:4)
  4 adders
  6 worms
  A dart slug (D:2)
  2 orcs
  6 ball pythons
  4 endoplasms
  2 giant cockroaches
  2 goblins (D:4)
  A hobgoblin (D:3)
  7 bats
  2 frilled lizards (D:3)
  5 kobolds
  5 rats
52 creatures vanquished.

Notes
Turn   | Place    | Note
-------+----------+-------------------------------------------
     0 | D:1      | lunkers the Meteoran Fighter began the quest for the Orb.
     0 | D:1      | Reached XP level 1. HP: 19/19 MP: 2/2
   157 | D:1      | Reached XP level 2. HP: 26/26 MP: 3/3
   182 | D:2      | Reached skill level 3 in Axes
   274 | D:2      | Reached XP level 3. HP: 23/33 MP: 4/4
   357 | D:2      | Reached skill level 4 in Axes
   373 | D:2      | Reached XP level 4. HP: 40/40 MP: 5/5
   751 | D:3      | Found a glowing drain.
   777 | Sewer    | Entered a sewer
   780 | Sewer    | Reached XP level 5. HP: 46/46 MP: 6/6
   805 | Sewer    | Noticed a water moccasin
   813 | Sewer    | Killed a water moccasin
   814 | Sewer    | Reached skill level 5 in Axes
   814 | Sewer    | Reached XP level 6. HP: 29/53 MP: 7/7
  1000 | D:4      | Found a staircase to the Ecumenical Temple.
  1009 | Temple   | Entered the Ecumenical Temple
  1277 | Temple   | Became a worshipper of Ru the Awakened
  1316 | D:4      | Noticed an ogre
  1324 | D:4      | Killed an ogre
  1325 | D:4      | Reached skill level 5 in Fighting
  1325 | D:4      | Reached skill level 6 in Axes
  1650 | D:5      | Entered Level 5 of the Dungeon
  1699 | D:5      | Reached XP level 7. HP: 58/61 MP: 8/8
  1713 | D:5      | Noticed Sigmund
  1732 | D:5      | Reached skill level 7 in Axes
  1742 | D:5      | Killed from afar by Sigmund

Illustrated notes

Levels and vault maps discovered:
D:1:      shiori_shiawase, layout_basic, hex_intersection, minmay_curled_crystal
D:2:      layout_basic, uniq_crazy_yiuf_cottage
D:3:      layout_loops_corners, cheibrodos_sewer_entry_bend, uniq_terence
D:4:      layout_basic, minmay_temple_entry_mini_moons, minivault_24
D:5:      layout_loops_ring, nzn_wu_jian_contemplation, nrook_mini_backslash,
          uniq_sigmund
Temple:   minmay_temple_curvy_branch

Skill      XL: |  1  2  3  4  5  6  7 |
---------------+----------------------+-----
Axes           | 3 4 5 6 7 |  7.1
Fighting       | 4 5 |  5.4
Armour         | |  3.6
Shields        | |  3.6

Action                   |  1- 3 |  4- 6 |  7- 9 || total
-------------------------+-------+-------+-------++-------
Melee: War axe           |    51 |   115 |    24 ||   190
  Use: Scroll            |       |     2 |       ||     2
       Potion            |       |       |     1 ||     1
Armor: Scale mail        |    26 |    44 |     9 ||    79
Dodge: Dodged            |    14 |    46 |     5 ||    65
Block: Buckler           |    12 |    22 |     3 ||    37

Table legend: (Time is in decaauts)
 A = Elapsed time spent in this place.
 B = Non-inter-level travel time spent in this place.
 C = Inter-level travel time spent in this place.
 D = Time resting spent in this place.
 E = Time spent auto-exploring this place.
 F = Levels seen in this place.
 G = Mean time per level.
                   A        B        C        D        E       F      G
               +--------+--------+--------+--------+--------+-----+--------+
         Total |   1802 |   1700 |    102 |      0 |   1072 |   7 |  257.4 |
       Dungeon |   1429 |   1370 |     59 |      0 |    803 |   5 |  285.8 |
        Temple |    290 |    247 |     43 |      0 |    246 |   1 |  290.0 |
         Sewer |     82 |     82 |      0 |      0 |     23 |   1 |   82.0 |
               +--------+--------+--------+--------+--------+-----+--------+

Top non-repeatable levels by time:
     D:4: 428 daAuts
     D:3: 425 daAuts
     D:2: 298 daAuts
  Temple: 290 daAuts
     D:1: 177 daAuts
     D:5: 99 daAuts
   Sewer: 82 daAuts
